 Dungeon Crawl Stone Soup version 0.27-a0-3-gcf006a40f5 (webtiles) character file.

Game seed: 16410508931863837559

16085 Anmu the Grappler (level 12, -18/163 HPs)
             Began as a Troll Berserker on Jan 1, 2021.
             Was the Champion of Trog.
             Demolished by Donald
             ... wielding a +0 vorpal long sword
              (32 damage)
             ... on level 2 of the Orcish Mines.
             The game lasted 00:30:01 (9778 turns).

Anmu the Grappler (Troll Berserker)                 Turns: 9778, Time: 00:30:02

Health: -18/163    AC: 13    Str: 28    XL:     12   Next: 6%
Magic:  11/11      EV: 15    Int:  3    God:    Trog [******]
Gold:   1368       SH:  0    Dex: 13    Spells: 11/11 levels left

rFire    . . .     SeeInvis .     - Unarmed
rCold    . . .     Faith    +   (no shield)
rNeg     . . .     Spirit   .   z - +2 robe {Will+}
rPois    .         Reflect  .   (helmet restricted)
rElec    .         Harm     .   l - +0 cloak {rCorr}
rCorr    +         Rampage  .   (gloves unavailable)
Will     +....                  (boots unavailable)
Stlth    ..........             p - amulet of faith
HPRegen  0.77/turn              o - +4 ring of slaying
MPRegen  0.12/turn              g - +4 ring of protection

@: berserking, very quick
A: large, unfitting armour, claws 3, mutation resistance 1, regeneration 1,
shaggy fur 1, tough skin 3
a: Renounce Religion, Berserk, Trog's Hand, Brothers in Arms


You were on level 2 of the Orcish Mines.
You worshipped Trog.
Trog was exalted by your worship.
You visited 2 branches of the dungeon, and saw 13 of its levels.

You collected 1368 gold pieces.

Inventory:

Hand Weapons
 x - a +8 flail of holy wrath
Missiles
 w - 29 boomerangs
Armour
 b - a +1 cloak
 l - a +0 cloak of preservation (worn)
 z - a +2 robe of willpower (worn)
Jewellery
 e - an uncursed ring of protection from cold
 g - a +4 ring of protection (right claw)
 j - an uncursed ring of fire
 o - a +4 ring of slaying (left claw)
 p - an amulet of faith (around neck)
Wands
 h - a wand of iceblast (22)
 r - a wand of disintegration (21)
 y - a wand of paralysis (7)
 B - a wand of flame (16)
 E - a wand of enslavement (8)
Scrolls
 c - 4 scrolls of teleportation
 d - 3 scrolls of fear
 f - 3 scrolls of fog
 m - 7 scrolls of remove curse
 q - 2 scrolls of amnesia
 t - a scroll of holy word
 u - 2 scrolls of magic mapping
 C - a scroll of immolation
Potions
 a - a potion of haste
 i - 2 potions of lignification
 k - a potion of resistance
 n - 9 potions of ambrosia
 s - 4 potions of flight
 v - 3 potions of curing
 A - 3 potions of attraction
 D - a potion of invisibility
 F - a potion of berserk rage {unknown}


   Skills:
 + Level 4.3 Fighting
 * Level 10.3 Dodging
 + Level 14.8 Unarmed Combat


You had 11 spell levels left.
You didn't know any spells.
Your spell library was empty.

Dungeon Overview and Level Annotations

Branches:
Dungeon (11/15)            Temple (0/1) D:5            Lair (0/6) D:10
    Orc (2/2) D:11
    Elf: Orc:2

Altars:
Dithmenos
Elyvilon
Hepliaklqana
Makhleb
Nemelex Xobeh
Okawaru
Qazlal
Ru
Sif Muna
Uskayaw
Vehumet
Wu Jian
Yredelemnul
Zin
The Shining One
Beogh

Shops:
D:10 [   Orc:2 ?

Annotations:
Orc:2 Donald


Innate Abilities, Weirdness & Mutations

You are too large for most types of armour.
You have claws for hands.
Your natural rate of healing is unusually fast.
You are covered in fur. (AC +1)
You have extremely tough skin. (AC +3)
You are somewhat resistant to further mutation.


Message History

You scratch Donald.
Donald is heavily wounded.
You scratch Donald. You claw Donald!!
Donald is almost dead.
Donald hits you with a +0 vorpal long sword!!
* * * LOW HITPOINT WARNING * * *
x2 An orc high priest comes into view. It is wielding a +0 flail.
You barely miss Donald. Your claw misses Donald.
Donald is almost dead.
Donald blocks your attack.
Donald is almost dead.
Donald says, "What do they mine anyway?
I've never seen them mine anything."
Donald hits you with a +0 vorpal long sword!!
* * * LOW HITPOINT WARNING * * *
x2 You barely miss Donald.
Donald is almost dead.
Donald blocks your attack.
Donald is almost dead.
Donald hits you with a +0 vorpal long sword!!
You die...

.........#.....#
..............#
....[[)..#....#
.....)...##...#
).).....####..#
.....[[.#####.##
.#[...)...###..##
...........#....#####...
...........##...@@....o.
.#..#...#...#...#)...#..
...........###.###..#...
.#####..#.## ### .o.. .
##...##.### .#...
#.....'.## .. ..
#..8..#..## .. .
#.....#...# ...
##...##...##


You could see Donald (fast, strong), an orc high priest and an orc.

Vanquished Creatures
  Snorg (D:11)
  An orc high priest (Orc:2)
  Pikel (D:7)
  2 cyclopes
  Maurice (Orc:2)
  A komodo dragon (D:10)
  The ghost of kroki the Cudgeller, an amateur PaFi of Okawaru (D:5)
  A queen bee (D:10)
  The ghost of Beaer the Sneak, a novice VSBr (D:5)
  4 trolls
  A shadow (D:11)
  A wyvern (D:10)
  Sigmund (D:6)
  10 yaks
  Grum (D:11)
  Edmund (D:5)
  A two-headed ogre zombie (D:11)
  A warg (Orc:1)
  6 ice beasts
  15 orc warriors
  An eye of draining (D:11)
  A necrophage (D:11)
  2 phantoms
  4 black bears
  2 wolves (D:11)
  10 ogres
  3 centaurs
  A lemure (D:7)
  12 bullfrogs
  Blork the orc (D:3)
  2 scorpions (D:8)
  A water moccasin skeleton (D:8)
  24 killer bees (D:10)
  5 electric eels (D:8)
  A centaur zombie (D:6)
  A quasit (D:9)
  12 hounds
  3 jellies
  19 orc priests
  16 orc wizards
  3 centaur skeletons
  2 bullfrog skeletons
  Terence (D:3)
  An iguana (D:11)
  6 worker ants
  7 ogre zombies (D:11)
  A hound zombie (D:8)
  A worker ant zombie (D:10)
  9 gnolls
  A howler monkey skeleton (D:10)
  10 adders
  3 white imps
  3 ufetubi
  3 oozes
  An adder skeleton (D:6)
  2 worms
  5 dart slugs
  7 leopard geckos
  51 orcs
  11 bats
  8 giant cockroaches
  3 hobgoblins
  6 jackals
  8 kobolds
  6 quokkas
  2 ball pythons
  5 frilled lizards
  A giant cockroach zombie (D:6)
  6 goblins
  A goblin skeleton (D:11)
  3 goblin zombies (D:11)
  2 hobgoblin skeletons (D:11)
  2 hobgoblin zombies (D:11)
  A leopard gecko skeleton (D:4)
  An orc skeleton (D:11)
  16 orc zombies (D:11)
  A quokka zombie (D:6)
  4 rats
377 creatures vanquished.

Vanquished Creatures (collateral kills)
  A hydra (D:11)
  A sky beast (D:11)
2 creatures vanquished.

Vanquished Creatures (others)
  18 plants
  5 withered plants (D:5)
23 creatures vanquished.

Grand Total: 402 creatures vanquished

Notes
Turn   | Place    | Note
-------+----------+-------------------------------------------
     0 | D:1      | Anmu the Troll Berserker began the quest for the Orb.
     0 | D:1      | Reached XP level 1. HP: 22/22 MP: 0/0
   172 | D:1      | Reached XP level 2. HP: 29/29 MP: 1/1
   688 | D:1      | Reached XP level 3. HP: 30/36 MP: 2/2
   829 | D:1      | Reached ** piety under Trog
  1116 | D:2      | Reached XP level 4. HP: 40/44 MP: 3/3
  1130 | D:2      | Found a white marble altar of Elyvilon.
  1231 | D:2      | Reached skill level 4 in Unarmed Combat
  1692 | D:3      | Noticed Terence
  1700 | D:3      | Killed Terence
  1701 | D:3      | Reached XP level 5. HP: 52/52 MP: 4/4
  1834 | D:3      | Found a stormy altar of Qazlal.
  1844 | D:3      | Found a glowing golden altar of the Shining One.
  1844 | D:3      | Found a radiant altar of Vehumet.
  1844 | D:3      | Found an ornate altar of the Wu Jian Council.
  1870 | D:3      | Noticed Blork the orc
  1906 | D:3      | Found a shimmering blue altar of Sif Muna.
  1974 | D:3      | Found a basalt altar of Yredelemnul.
  2078 | D:4      | Reached *** piety under Trog
  2164 | D:4      | Found a shadowy altar of Dithmenos.
  2165 | D:4      | Noticed an ice beast
  2182 | D:4      | Killed an ice beast
  2183 | D:4      | Reached skill level 5 in Unarmed Combat
  2183 | D:4      | Reached XP level 6. HP: 45/61 MP: 5/5
  2290 | D:3      | Killed Blork the orc
  2517 | D:5      | Entered Level 5 of the Dungeon
  2552 | D:5      | Found a runed translucent gate.
  2552 | D:5      | Found a runed translucent gate.
  2552 | D:5      | Found a runed translucent gate.
  2552 | D:5      | Noticed kroki's ghost (amateur PaFi)
  2553 | D:5      | Noticed Beaer's ghost (novice VSBr)
  2628 | D:5      | Found a sparkling altar of Nemelex Xobeh.
  2653 | D:5      | Found a staircase to the Ecumenical Temple.
  2728 | D:5      | Reached XP level 7. HP: 67/67 MP: 6/6
  2770 | D:5      | Reached skill level 6 in Unarmed Combat
  3034 | D:5      | Noticed Edmund
  3036 | D:5      | Found a sacrificial altar of Ru.
  3047 | D:5      | Killed Edmund
  3048 | D:5      | Reached skill level 5 in Dodging
  3147 | D:5      | Killed kroki's ghost
  3148 | D:5      | Reached skill level 7 in Unarmed Combat
  3150 | D:5      | Killed Beaer's ghost
  3151 | D:5      | Reached XP level 8. HP: 75/75 MP: 7/7
  3396 | D:6      | Found a hide-covered altar of Uskayaw.
  3469 | D:6      | Reached skill level 8 in Unarmed Combat
  3588 | D:6      | Noticed Sigmund
  3611 | D:6      | Killed Sigmund
  3611 | D:6      | Reached **** piety under Trog
  3915 | D:6      | Found a burning altar of Makhleb.
  3920 | D:6      | Found a glowing silver altar of Zin.
  3920 | D:6      | Noticed an angel
  3920 | D:6      | Noticed a blizzard demon
  3941 | D:6      | Reached skill level 9 in Unarmed Combat
  4101 | D:6      | Reached XP level 9. HP: 83/83 MP: 8/8
  4199 | D:7      | Noticed Pikel
  4214 | D:7      | Killed Pikel
  4303 | D:7      | Reached skill level 10 in Unarmed Combat
  4801 | D:7      | Found a hazy altar of Hepliaklqana.
  4936 | D:8      | Reached ***** piety under Trog
  5045 | D:8      | Reached skill level 11 in Unarmed Combat
  5094 | D:8      | Gained mutation: You are somewhat resistant to further
                  | mutation. [potion of mutation]
  5094 | D:8      | Gained mutation: Your mind is acute. (Int +2) [potion of
                  | mutation]
  5095 | D:8      | Lost mutation: Your mind is acute. (Int +2) [potion of
                  | mutation]
  5204 | D:8      | Found a shadowy altar of Dithmenos.
  5315 | D:8      | Reached XP level 10. HP: 92/92 MP: 9/9
  6578 | D:10     | Entered Level 10 of the Dungeon
  6595 | D:10     | Found a staircase to the Lair.
  6602 | D:10     | Reached skill level 12 in Unarmed Combat
  6729 | D:10     | Reached skill level 13 in Unarmed Combat
  6729 | D:10     | Reached ****** piety under Trog
  6805 | D:10     | Reached XP level 11. HP: 98/98 MP: 10/10
  6894 | D:10     | Found Isto's Antique Armour Boutique.
  7246 | D:11     | Found a staircase to the Orcish Mines.
  7259 | D:11     | Received a gift from Trog
  7478 | D:11     | Noticed Grum
  7492 | D:11     | Killed Grum
  7622 | D:11     | Noticed Snorg
  7629 | D:11     | Killed Snorg
  7810 | D:11     | Noticed an eight-headed hydra
  8014 | D:11     | Killed a 13-headed hydra
  8015 | D:11     | Reached skill level 14 in Unarmed Combat
  8152 | Orc:1    | Entered Level 1 of the Orcish Mines
  8167 | Orc:1    | Received a gift from Trog
  8414 | Orc:2    | Entered Level 2 of the Orcish Mines
  8417 | Orc:2    | Noticed Maurice
  8429 | Orc:2    | Killed Maurice
  8547 | Orc:2    | Found an iron altar of Okawaru.
  8806 | Orc:2    | Found a roughly hewn altar of Beogh.
  8861 | Orc:2    | Found a roughly hewn altar of Beogh.
  8931 | Orc:2    | Noticed an orc high priest
  8933 | Orc:2    | Found a roughly hewn altar of Beogh.
  8933 | Orc:2    | Found Mitro's Magic Scroll Shoppe.
  8936 | Orc:2    | Reached skill level 10 in Dodging
  8942 | Orc:2    | Killed an orc high priest
  8942 | Orc:2    | HP: 5/150 [orc warrior/+0 halberd (14)]
  9389 | Orc:2    | Reached XP level 12. HP: 60/107 MP: 11/11
  9763 | Orc:2    | Received a gift from Trog
  9764 | Orc:2    | Noticed Donald
  9774 | Orc:2    | Noticed an orc high priest
  9778 | Orc:2    | Demolished by Donald

Illustrated notes

Levels and vault maps discovered:
D:1:      tarquinn_simple_flora_water_d, layout_basic
D:2:      layout_basic, elyvilon_altar_1
D:3:      layout_rooms, tgw_sif, grunt_temple_overflow_open,
          yredelemnul_altar_generic, uniq_terence
D:4:      layout_rooms, nicolae_dithmenos_shadow_blocks
D:5:      layout_cave_pools, lemuel_round_altar, minmay_temple_entry_large_hall,
          gammafunk_ghost_cemetery, fountainhead, nicolae_ru_path_of_blood,
          uniq_edmund
D:6:      minmay_general_purpose_star, layout_loops_corners,
          grunt_temple_overflow_order_and_chaos_2,
          eat_drink_and_be_merry_uskayaw, grunt_ministairs_14, uniq_sigmund
D:7:      layout_loops_ring, kennysheep_mini_moat, kennysheep_decorative_pillar,
          kennysheep_another_room, uniq_pikel
D:8:      layout_cave_pools, basic_altar, serial_bayou, serial_bayou_lagoon_b,
          serial_bayou_crossing, serial_bayou_pond_a, serial_bayou_pond_c,
          serial_bayou_pond_b
D:9:      layout_layer_cave
D:10:     layout_roguey [special_room_bee], david_lair_shrubbed, serial_shops,
          nicolae_shop_trees
D:11:     layout_roguey, zombieorc2_lemuel, uniq_grum, uniq_snorg
Orc:1:    layout_caves
Orc:2:    grunt_orc_community_town_hall, layout_caves,
          grunt_orc_community_big_house_1, grunt_orc_community_big_house_1,
          grunt_orc_community_house_1, grunt_orc_community_house_1,
          grunt_orc_community_house_3, grunt_orc_community_house_1,
          grunt_orc_community_house_2, grunt_orc_community_house_3,
          okawaru_metal_pillars_1_2, uniq_maurice, uniq_donald, uniq_sonja

Skill      XL: |  1  2  3  4  5  6  7  8  9 10 11 |
---------------+----------------------------------+-----
Dodging        | 3 4 5 6 7 8 10 | 10.3
Unarmed Combat | 4 5 7 9 11 13 14 | 14.8
Fighting       | 3 4 |  4.3

Action                   |  1- 3 |  4- 6 |  7- 9 | 10-12 || total
-------------------------+-------+-------+-------+-------++-------
Melee: Unarmed           |    82 |   144 |   232 |   450 ||   908
       Punch             |       |     2 |    10 |    28 ||    40
Invok: Berserk           |       |     1 |     4 |    13 ||    18
       Brothers in Arms  |       |       |       |     1 ||     1
  Use: Potion            |       |     3 |     8 |     5 ||    16
       Scroll            |       |       |    12 |     5 ||    17
 Stab: Sleeping          |     1 |       |     2 |     2 ||     5
Armor: Animal skin       |    37 |    69 |    34 |       ||   140
       Skin              |       |     3 |       |    28 ||    31
       Robe              |       |       |    25 |   134 ||   159
Dodge: Dodged            |    49 |    90 |   129 |   302 ||   570

Table legend: (Time is in decaauts)
 A = Elapsed time spent in this place.
 B = Non-inter-level travel time spent in this place.
 C = Inter-level travel time spent in this place.
 D = Time resting spent in this place.
 E = Time spent auto-exploring this place.
 F = Levels seen in this place.
 G = Mean time per level.
                   A        B        C        D        E       F      G
               +--------+--------+--------+--------+--------+-----+--------+
         Total |   9764 |   9350 |    414 |    626 |   6998 |  13 |  751.1 |
       Dungeon |   8138 |   7804 |    334 |    276 |   6105 |  11 |  739.8 |
  Orcish Mines |   1625 |   1545 |     80 |    350 |    893 |   2 |  812.5 |
               +--------+--------+--------+--------+--------+-----+--------+

Top non-repeatable levels by time:
   Orc:2: 1132 daAuts
     D:6: 985 daAuts
     D:1: 930 daAuts
     D:8: 928 daAuts
    D:11: 825 daAuts
     D:9: 739 daAuts
     D:7: 732 daAuts
     D:2: 722 daAuts
    D:10: 721 daAuts
     D:5: 695 daAuts
   Orc:1: 492 daAuts
     D:3: 463 daAuts
     D:4: 393 daAuts
